 Dungeon Crawl Stone Soup version 0.24.0-13-gcf9b319 (webtiles) character file.

Game seed: 17933442265895836066, levelgen mode: deterministic

465 Bronimir the Magician (level 7, -2/43 HPs)
             Began as an Octopode Wizard on Apr 9, 2020.
             Was a Follower of Vehumet.
             Slain by an orc
             ... wielding a +0 hand axe
              (6 damage)
             ... on level 4 of the Dungeon on Apr 10, 2020.
             The game lasted 00:09:41 (3047 turns).

Bronimir the Magician (Octopode Wizard)             Turns: 3047, Time: 00:09:42

Health: -2/43      AC:  1    Str:  6    XL:     7   Next: 8%
Magic:  6/14       EV: 13    Int: 23    God:    Vehumet [*.....]
Gold:   117        SH:  0    Dex: 10    Spells: 5/16 levels left

rFire    . . .     SeeInvis .   a - +3 quarterstaff (chaos)
rCold    . . .     Gourm    .   (shield currently unavailable)
rNeg     . . .     Faith    .   d - +0 hat
rPois    .         Spirit   .   j - amulet of rage
rElec    .         Reflect  .   (no ring)
rCorr    .         Harm     .   (no ring)
MR       .....                  (no ring)
Stlth    +++.......             (no ring)
HPRegen  0.14/turn              (no ring)
MPRegen  0.14/turn              (no ring)
                                (no ring)
                                (no ring)

@: very slightly contaminated
A: almost no armour, stealthy swim, amphibious, 8 rings, constrict 8, camouflage
1, gelatinous body 1
a: Renounce Religion, Evoke Berserk Rage


You were on level 4 of the Dungeon.
You worshipped Vehumet.
Vehumet was aware of your devotion.
You were not hungry.

You visited 1 branch of the dungeon, and saw 4 of its levels.
You also visited: Sewer.

You collected 117 gold pieces.

Inventory:

Hand Weapons
 a - a +3 quarterstaff of chaos (weapon)
Missiles
 b - 35 poisoned darts (quivered)
 e - 16 arrows
 l - 28 sling bullets
 s - 5 stones
Armour
 d - a +0 hat (worn)
Jewellery
 j - an amulet of rage (around mantle)
Scrolls
 f - 3 scrolls of identify {unknown}
 g - a scroll of amnesia {unknown}
 h - a scroll of magic mapping {unknown}
 k - a scroll of enchant weapon {unknown}
 m - 4 scrolls of immolation {unknown}
 q - a scroll of fear {unknown}
 u - a scroll of blinking {unknown}
 v - a scroll of remove curse {unknown}
Potions
 i - a potion of cancellation {unknown}
 n - a potion of degeneration {unknown}
 o - a potion of heal wounds {unknown}
 p - a potion of brilliance {unknown}
 r - a potion of might {unknown}
 t - 2 potions of curing {unknown}
Comestibles
 c - 9 rations


   Skills:
 + Level 1.2 Fighting
 + Level 1.8 Staves
 + Level 0.5 Throwing
 * Level 2.9 Dodging
 - Level 2.6 Stealth
 * Level 5.0 Spellcasting
 * Level 2.4 Conjurations
 * Level 2.2 Summonings
 - Level 1.0 Translocations
 * Level 1.8 Earth Magic
 + Level 1.6 Poison Magic


You had 5 spell levels left.
You knew the following spells:

 Your Spells              Type           Power        Failure   Level  Hunger
a - Magic Dart            Conj           ###.         3%          1    None
b - Blink                 Tloc           N/A          10%         2    None
c - Call Imp              Summ           ###.....     5%          2    None
d - Slow                  Hex            #.......     14%         2    None
e - Mephitic Cloud        Conj/Pois/Air  ##......     16%         3    ##.....
f - Sandblast             Erth           ##....       4%          1    None

Your spell library contained the following spells:

 Spells                   Type           Power        Failure   Level  Hunger
 Conjure Flame            Conj/Fire      ##......     17%         3    ##.....


Dungeon Overview and Level Annotations

Branches:
Dungeon (4/15)              Sewer (visited)
 Temple: D:4-7

Altars:
Vehumet
Zin


Innate Abilities, Weirdness & Mutations

You cannot wear most types of armour.
You are very stealthy in the water. (Stealth+)
You are amphibious.
You can wear up to eight rings at the same time.
You can use your tentacles to constrict eight enemies at once.
Your skin changes colour to match your surroundings (Stealth+).
Your rubbery body absorbs attacks. (AC +1, EV +1)


Message History

Confirm with . or Enter, or press ? or * to list all spells.
You blink.
Found a ration.
Casting: Blink (safe; 10% risk of failure)
Confirm with . or Enter, or press ? or * to list all spells.
Aiming: Mephitic Cloud (safe; 16% risk of failure)
Press: ? - help, Shift-Dir - straight line, f - orc priest
Aim: an orc priest, wielding a +0 mace The ball explodes into a vile cloud!
The stinking cloud engulfs the orc priest but does no damage.
The stinking cloud engulfs the orc but does no damage.
The orc priest is engulfed in noxious fumes.
The orc priest appears confused.
The orc is engulfed in noxious fumes.
The orc appears confused.
The orc priest is engulfed in noxious fumes.
The orc priest hits the orc with a +0 mace.
The orc priest is engulfed in noxious fumes.
The orc priest appears confused.
The orc hits you with a +0 hand axe.
You die...

## # #. .###. ##%.. #
#...### ... ##.#
#.....### .... #..##
##.......##
....##...#####..@.......
##.............o.###....
.................# .
..........h.o)..##
..#.......#..w..##
...........○.....#
..........°o..#...#
#....§...°.###.....(#
##........## ........


You could see a hound, an orc priest (confused), a dart slug and 2 orcs.

Vanquished Creatures
  4 big kobolds (Sewer)
  A hound (D:4)
  5 adders (Sewer)
  A river rat (Sewer)
  3 oozes
  6 worms
  A leopard gecko (D:2)
  2 orcs
  7 bats
  3 giant cockroaches
  7 goblins
  A hobgoblin (D:1)
  4 jackals
  7 kobolds
  A quokka (D:4)
  6 ball pythons (Sewer)
  10 rats
69 creatures vanquished.

Vanquished Creatures (collateral kills)
  Crazy Yiuf (D:2)
  A leopard gecko (D:3)
2 creatures vanquished.

Grand Total: 71 creatures vanquished

Notes
Turn   | Place    | Note
-------+----------+-------------------------------------------
     0 | D:1      | Bronimir the Octopode Wizard began the quest for the Orb.
     0 | D:1      | Reached XP level 1. HP: 11/11 MP: 4/4
   114 | D:1      | Reached XP level 2. HP: 17/17 MP: 3/6
   207 | D:1      | You fall into a shaft and drop 1 floor!
   207 | D:2      | Found a runed translucent door.
   208 | D:2      | Noticed Crazy Yiuf
   211 | D:2      | Learned a level 2 spell: Blink
   214 | D:2      | Learned a level 2 spell: Call Imp
   217 | D:2      | Learned a level 2 spell: Slow
   225 | D:2      | Killed Crazy Yiuf
   225 | D:2      | Reached XP level 3. HP: 21/21 MP: 0/8
   281 | D:2      | Found a radiant altar of Vehumet.
   287 | D:2      | Became a worshipper of Vehumet
  1088 | D:2      | Reached skill level 4 in Spellcasting
  1169 | D:2      | Learned a level 3 spell: Mephitic Cloud
  1638 | D:3      | Reached XP level 4. HP: 24/27 MP: 3/10
  1669 | D:3      | Found a glowing drain.
  1678 | Sewer    | Entered a sewer
  1970 | Sewer    | Reached * piety under Vehumet
  1970 | Sewer    | Offered knowledge of Sandblast by Vehumet.
  1980 | Sewer    | Noticed a big kobold
  1980 | Sewer    | Noticed a big kobold
  1983 | Sewer    | Learned a level 1 spell: Sandblast
  2001 | Sewer    | Killed a big kobold
  2001 | Sewer    | Reached skill level 1 in Staves
  2001 | Sewer    | Reached XP level 5. HP: 32/32 MP: 5/11
  2002 | Sewer    | Killed a big kobold
  2002 | Sewer    | Reached skill level 1 in Fighting
  2002 | Sewer    | Reached skill level 1 in Earth Magic
  2002 | Sewer    | Reached skill level 1 in Poison Magic
  2002 | Sewer    | Reached XP level 6. HP: 38/38 MP: 5/12
  2962 | D:3      | Found a glowing silver altar of Zin.
  3013 | D:4      | Reached XP level 7. HP: 43/43 MP: 14/14
  3029 | D:4      | Reached skill level 5 in Spellcasting
  3047 | D:4      | Slain by an orc

Levels and vault maps discovered:
D:1:      dpeg_arrival_round_c, layout_basic
D:2:      layout_rooms, lemuel_doored_altar, first_ration,
          uniq_crazy_yiuf_cottage
D:3:      layout_loops_ring, zin_scriptorium, cheibrodos_sewer_entry_bend
D:4:      layout_layer_cave, nicolae_overflow_crystal_walls, xom_butterflies

Skill      XL: |  1  2  3  4  5  6  7 |
---------------+----------------------+-----
Spellcasting   | 4 5 |  5.0
Staves         | 1 |  1.8
Fighting       | 1 |  1.2
Conjurations   | 2 |  2.4
Earth Magic    | 1 |  1.8
Poison Magic   | 1 |  1.6
Summonings     | 2 |  2.2
Throwing       | |  0.5
Dodging        | |  2.9
Stealth        | |  2.6
Translocations | |  1.0

Action                   |  1- 3 |  4- 6 |  7- 9 || total
-------------------------+-------+-------+-------++-------
Melee: Quarterstaff      |    17 |    57 |     4 ||    78
       Constrict         |     2 |    14 |     2 ||    18
       Tentacles         |     2 |     6 |     1 ||     9
Throw: Dart              |    14 |       |       ||    14
 Cast: Magic Dart        |    43 |    61 |       ||   104
       Call Imp          |     7 |     2 |       ||     9
       Blink             |     1 |       |     2 ||     3
       Mephitic Cloud    |       |     2 |     1 ||     3
 Stab: Sleeping          |     3 |     9 |       ||    12
       Confused          |       |     1 |       ||     1
  Eat: Chunk             |     1 |     6 |       ||     7
Armor: Skin              |     5 |     3 |       ||     8
Dodge: Dodged            |    15 |    35 |     7 ||    57
